 Dungeon Crawl Stone Soup version 0.28.0 (webtiles) character file.

Game seed: 4428794834324940628

3019 belegose the Magician (level 9, -6/66 HPs)
             Began as a Gnoll Fire Elementalist on Feb 5, 2022.
             Was an Elder of Wu Jian.
             Mangled by a warg (14 damage)
             ... on level 7 of the Dungeon.
             The game lasted 00:27:35 (9802 turns).

belegose the Magician (Gnoll Fire Elementalist)     Turns: 9802, Time: 00:27:36

Health: -6/66      AC:  4    Str: 11    XL:     9   Next: 85%
Magic:  26/28      EV: 18    Int: 15    God:    Wu Jian [****..]
Gold:   324        SH:  0    Dex: 13    Spells: 17/21 levels left

rFire   . . .      SeeInvis .   b - +0 spear (venom)
rCold   . . .      Faith    .   (no shield)
rNeg    . . .      Spirit   .   C - +0 robe
rPois   .          Reflect  .   f - +0 helmet
rElec   .          Harm     .   (no cloak)
rCorr   .          Rampage  .   (no gloves)
Will    .....                   u - +0 pair of boots
Stlth   +++.......              (no amulet)
HPRegen 0.21/turn               e - +4 ring of evasion
MPRegen 0.21/turn               n - ring of magical power

@: very slightly contaminated, studying Bows
A: fangs 1, strong nose, distributed training
a: Renounce Religion, Wall Jump, Serpent's Lash


You were on level 7 of the Dungeon.
You worshipped Wu Jian.
Wu Jian was greatly pleased with you.
You visited 2 branches of the dungeon, and saw 9 of its levels.
You also visited: Sewer.

You collected 324 gold pieces.

Inventory:

Hand Weapons
 a - a +4 vorpal flail
 b - a +0 spear of venom (weapon)
Missiles
 c - 296 stones
 j - 5 boomerangs
 B - 3 poisoned darts
 J - a throwing net
Armour
 f - a +0 helmet (worn)
 q - a +1 pair of boots
 u - a +0 pair of boots (worn)
 C - a +0 robe (worn)
Magical Staves
 h - a staff of air
Jewellery
 e - a +4 ring of evasion (left hand)
 n - a ring of magical power (right hand)
 E - a +6 ring of intelligence
 G - a ring of see invisible
Wands
 F - a wand of iceblast (3)
 H - a wand of paralysis (22)
 I - a wand of acid (8)
Scrolls
 k - a scroll of magic mapping {unknown}
 l - 8 scrolls of teleportation
 m - 2 scrolls of silence {unknown}
 r - 2 scrolls of enchant armour {unknown}
 w - 2 scrolls of torment {unknown}
 x - a scroll of acquirement {unknown}
 y - a scroll of fog {unknown}
 A - a scroll of amnesia {unknown}
Potions
 d - 4 potions of brilliance
 g - a potion of degeneration {unknown}
 o - a potion of ambrosia {unknown}
 s - 2 potions of heal wounds
 v - a potion of lignification {unknown}
 z - a potion of curing
 D - a potion of cancellation {unknown}


   Skills:
 + Level 4.6 Fighting
 + Level 4.6 Short Blades
 + Level 4.6 Long Blades
 + Level 4.6 Axes
 + Level 4.6 Maces & Flails
 + Level 4.6 Polearms
 + Level 4.6 Staves
 + Level 4.6 Slings
 + Level 6.2 Bows
 + Level 4.6 Crossbows
 + Level 4.6 Throwing
 + Level 4.6 Armour
 + Level 6.6 Dodging
 + Level 6.3 Stealth
 + Level 4.6 Shields
 + Level 4.6 Unarmed Combat
 + Level 6.9 Spellcasting
 + Level 4.4 Conjurations
 + Level 3.8 Hexes
 + Level 3.8 Summonings
 + Level 3.8 Necromancy
 + Level 3.8 Translocations
 + Level 3.8 Transmutations
 + Level 6.7 Fire Magic
 + Level 3.8 Ice Magic
 + Level 3.8 Air Magic
 + Level 3.8 Earth Magic
 + Level 3.8 Poison Magic
 + Level 5.1 Invocations
 + Level 4.6 Evocations


You had 17 spell levels left.
You knew the following spells:

 Your Spells              Type           Power      Damage    Failure   Level
a - Foxfire               Conj/Fire      88%        2x1d8     1%          1
b - Conjure Flame         Conj/Fire      22%        6-21      4%          3

Your spell library contained the following spells:

 Spells                   Type           Power      Damage    Failure   Level
 Scorch                   Fire           50%        2d7       1%          2
 Inner Flame              Hex/Fire       21%        N/A       4%          3
 Ignite Poison            Fire/Tmut/Pois 19%        N/A       5%          3
 Gell's Gravitas          Tloc           16%        N/A       9%          3
 Ozocubu's Armour         Ice            16%        N/A       9%          3
 Teleport Other           Tloc           16%        N/A       9%          3
 Tukima's Dance           Hex            16%        N/A       9%          3
 Flame Wave               Conj/Fire      22%        2d7       13%         4
 Sticky Flame             Conj/Fire      22%        2d4       13%         4
 Anguish                  Hex/Necr       8%         N/A       26%         4
 Passage of Golubria      Tloc           16%        N/A       26%         4
 Freezing Cloud           Conj/Ice/Air   8%         6-21      56%         5
 Yara's Violent Unravell  Hex/Tmut       8%         3d5       58%         5
 Dispersal                Tloc           8%         N/A       99%         6
 Simulacrum               Ice/Necr       8%         N/A       99%         6
 Enfeeble                 Hex            8%         N/A       100%        7
 Ozocubu's Refrigeration  Ice            8%         4d6       100%        7
 Chain Lightning          Conj/Air       8%         3d11      100%        9
 Fire Storm               Conj/Fire      11%        8d3       100%        9
 Polar Vortex             Ice            8%         N/A       100%        9
 Shatter                  Erth           8%         3d10*     100%        9


Dungeon Overview and Level Annotations

Branches:
Dungeon (8/15)             Temple (1/1) D:5            Lair (0/6) D:8
  Sewer (visited)

Altars:
Wu Jian

Shops:
D:4 (


Innate Abilities, Weirdness & Mutations

You have very sharp teeth.
Your uncanny sense of smell can sniff out nearby items.
Your experience applies equally to all skills.


Message History

The warg is lightly wounded.
The warg completely misses you.
You barely miss the warg.
The warg is lightly wounded.
The warg barely misses you.
You hit the warg.
The warg looks as sick as possible!
The warg is lightly wounded.
The warg bites you!
You barely miss the warg.
The warg is moderately wounded.
The warg barely misses you.
You barely miss the warg.
The warg is moderately wounded.
The warg misses you.
You hit the warg.
The warg looks as sick as possible!
You bite the warg, but do no damage.
The warg is moderately wounded.
The warg bites you. The warg bites you!
Casting: Foxfire (safe; 1% risk of failure)
Confirm with . or Enter, or press ? or * to list all spells.
You conjure some foxfire!
The warg misses you.
You hit the warg but do no damage.
The warg is heavily wounded.
The foxfire hits the warg.
The warg is severely wounded.
The warg closely misses you.
Casting: Foxfire (safe; 1% risk of failure)
Confirm with . or Enter, or press ? or * to list all spells.
You conjure some foxfire!
The warg barely misses you. The warg bites you!
* * * LOW HITPOINT WARNING * * *
The foxfire hits the warg.
The warg is almost dead.
The foxfire hits the warg.
The warg is almost dead.
Casting: Foxfire (safe; 1% risk of failure)
Confirm with . or Enter, or press ? or * to list all spells.
You miscast Foxfire.
You are very lightly contaminated with residual magic.
Nothing appears to happen.
The warg bites you!
You die...

##.#..###.....#....#####.........
#..##..#.............##..........
..####.........###..........#####
...####..>......##...........###.
.....##....###..#................
..........## ##.........#..>.....
.......#..# #............###...
...######.######.........#...###.
..## #.....nh@.####..#####...#
..## #.#####..## ##.# ###.. #..#
### ##.# #.## ### ##.## ### ##.#
#. .##.## ### ## ####.# # ###


You could see a warg (very poisoned) and a necrophage.

Vanquished Creatures
  Sigmund (D:5)
  2 water moccasins (D:6)
  2 orc warriors
  2 sky beasts (D:5)
  2 ice beasts (D:6)
  2 ogres
  2 centaurs
  A bullfrog (D:6)
  2 scorpions
  A wyvern skeleton (D:7)
  A water moccasin skeleton (D:7)
  3 wights (D:6)
  6 howler monkeys
  2 centaur zombies
  5 hounds
  A gnoll shaman (D:7)
  An orc priest (D:7)
  3 centaur skeletons
  Jessica (D:2)
  3 iguanas
  2 orc wizards (D:7)
  A killer bee zombie (D:6)
  A hound zombie (D:3)
  7 gnolls
  3 adders
  4 river rats (Sewer)
  2 white imps
  An ufetubus (D:5)
  5 worms
  24 orcs
  2 endoplasms
  4 giant cockroaches
  10 goblins
  6 hobgoblins
  14 kobolds
  4 quokkas
  19 ball pythons
  5 bats
  11 frilled lizards
  16 rats
184 creatures vanquished.

Vanquished Creatures (others)
  419 foxfires
419 creatures vanquished.

Grand Total: 603 creatures vanquished

Notes
Turn   | Place    | Note
-------+----------+-------------------------------------------
     0 | D:1      | belegose the Gnoll Fire Elementalist began the quest for
                  | the Orb.
     0 | D:1      | Reached XP level 1. HP: 13/13 MP: 6/6
   137 | D:1      | Found a faded altar of an unknown god.
   147 | D:1      | Reached XP level 2. HP: 14/19 MP: 7/7
   455 | D:1      | Prayed at the altar of an unknown god.
   455 | D:1      | Became a worshipper of the Wu Jian Council
   455 | D:1      | Reached * piety under Wu Jian
  1048 | D:1      | Reached XP level 3. HP: 25/25 MP: 9/9
  1128 | D:1      | Reached skill level 5 in Spellcasting
  1368 | D:2      | Reached skill level 1 in Invocations
  1448 | D:2      | Reached skill level 1 in Fighting
  1448 | D:2      | Reached skill level 1 in Short Blades
  1448 | D:2      | Reached skill level 1 in Long Blades
  1448 | D:2      | Reached skill level 1 in Axes
  1448 | D:2      | Reached skill level 1 in Maces & Flails
  1448 | D:2      | Reached skill level 1 in Polearms
  1448 | D:2      | Reached skill level 1 in Staves
  1448 | D:2      | Reached skill level 1 in Slings
  1448 | D:2      | Reached skill level 1 in Bows
  1448 | D:2      | Reached skill level 1 in Crossbows
  1448 | D:2      | Reached skill level 1 in Throwing
  1448 | D:2      | Reached skill level 1 in Armour
  1448 | D:2      | Reached skill level 1 in Shields
  1448 | D:2      | Reached skill level 1 in Unarmed Combat
  1448 | D:2      | Reached skill level 1 in Evocations
  1466 | D:2      | Noticed Jessica
  1482 | D:2      | Reached ** piety under Wu Jian
  1520 | D:2      | Killed Jessica
  1521 | D:2      | Reached XP level 4. HP: 32/32 MP: 7/11
  1671 | D:2      | Reached skill level 1 in Hexes
  1671 | D:2      | Reached skill level 1 in Summonings
  1671 | D:2      | Reached skill level 1 in Necromancy
  1671 | D:2      | Reached skill level 1 in Translocations
  1671 | D:2      | Reached skill level 1 in Transmutations
  1671 | D:2      | Reached skill level 1 in Ice Magic
  1671 | D:2      | Reached skill level 1 in Air Magic
  1671 | D:2      | Reached skill level 1 in Earth Magic
  1671 | D:2      | Reached skill level 1 in Poison Magic
  2346 | D:3      | Reached XP level 5. HP: 37/37 MP: 12/12
  2588 | D:3      | Reached *** piety under Wu Jian
  2891 | D:3      | Learned a level 3 spell: Conjure Flame
  3013 | D:4      | Reached XP level 6. HP: 31/44 MP: 13/13
  3194 | D:4      | Found Biazy's Weapon Shoppe.
  3200 | D:4      | Got the Almanac of Snow and the Volcanoes
  3234 | D:4      | Reached skill level 5 in Dodging
  3264 | D:4      | Found a glowing drain.
  3268 | Sewer    | Entered a sewer
  3731 | Sewer    | Reached **** piety under Wu Jian
  4209 | D:4      | Reached XP level 7. HP: 50/50 MP: 15/15
  4518 | D:5      | Entered Level 5 of the Dungeon
  4712 | D:5      | Found a staircase to the Ecumenical Temple.
  4732 | Temple   | Entered the Ecumenical Temple
  5139 | D:5      | Reached skill level 5 in Stealth
  5366 | D:5      | Noticed Sigmund
  5387 | D:5      | Killed Sigmund
  5388 | D:5      | Reached XP level 8. HP: 57/57 MP: 16/16
  6332 | D:6      | Reached XP level 9. HP: 50/65 MP: 18/18
  6435 | D:6      | Reached skill level 5 in Bows
  8472 | D:6      | Reached skill level 5 in Invocations
  9748 | D:8      | Found a staircase to the Lair.
  9802 | D:7      | Mangled by a warg

Illustrated notes

Levels and vault maps discovered:
D:1:      dpeg_arrival_arbitrary_c, layout_loops_ring,
          nicolae_ecumenical_snake_handling
D:2:      layout_rooms, uniq_jessica
D:3:      layout_loops_ring, guppyfry_early_orc_mine
D:4:      layout_basic, gup_sewer_entry_bowl, serial_shops, shop
D:5:      layout_cave_pools, minmay_temple_entry_waves, uniq_sigmund
D:6:      layout_gridville, serial_rivers, chequers_serial_rivers_room_a,
          chequers_serial_rivers_micro_c, chequers_serial_rivers_small_a,
          chequers_serial_rivers_small_b, minivault_27
D:7:      layout_layer_cave
D:8:      layout_cave_pools, erik_lair_orcish_takeover, serial_co_window_serial,
          co_window_paths_b, co_window_corner_a, co_window_corner_a,
          co_window_paths_a, co_window_corner_a, co_window_unsneaky_path_a,
          co_window_corner_b, co_window_broadway_b, co_window_4corner_b,
          co_window_4corner_a, glass_columns_c, glass_columns_a,
          glass_columns_a, glass_columns_b
Temple:   regret_index_temple_mists

Skill      XL: |  1  2  3  4  5  6  7  8  9 |
---------------+----------------------------+-----
Conjurations   | 2 3 4 |  4.4
Spellcasting   | 5 6 |  6.9
Invocations    | 1 2 3 4 5 |  5.1
Fighting       | 1 2 3 4 |  4.6
Short Blades   | 1 2 3 4 |  4.6
Long Blades    | 1 2 3 4 |  4.6
Axes           | 1 2 3 4 |  4.6
Maces & Flails | 1 2 3 4 |  4.6
Polearms       | 1 2 3 4 |  4.6
Staves         | 1 2 3 4 |  4.6
Slings         | 1 2 3 4 |  4.6
Bows           | 1 2 3 4 6 |  6.2
Crossbows      | 1 2 3 4 |  4.6
Throwing       | 1 2 3 4 |  4.6
Armour         | 1 2 3 4 |  4.6
Shields        | 1 2 3 4 |  4.6
Unarmed Combat | 1 2 3 4 |  4.6
Evocations     | 1 2 3 4 |  4.6
Hexes          | 1 2 3 |  3.8
Summonings     | 1 2 3 |  3.8
Necromancy     | 1 2 3 |  3.8
Translocations | 1 2 3 |  3.8
Transmutations | 1 2 3 |  3.8
Ice Magic      | 1 2 3 |  3.8
Air Magic      | 1 2 3 |  3.8
Earth Magic    | 1 2 3 |  3.8
Poison Magic   | 1 2 3 |  3.8
Dodging        | 5 6 |  6.6
Stealth        | 5 6 |  6.3
Fire Magic     | 6 |  6.7

Action                   |  1- 3 |  4- 6 |  7- 9 || total
-------------------------+-------+-------+-------++-------
Melee: Spear             |    60 |   147 |   169 ||   376
       Bite              |     3 |    14 |    21 ||    38
       Punch             |       |     1 |     4 ||     5
       Flail             |       |       |    44 ||    44
 Cast: Foxfire           |    27 |    77 |   127 ||   231
Invok: Whirlwind         |       |     1 |    10 ||    11
       Lunge             |       |     3 |     2 ||     5
  Use: Potion            |       |       |     1 ||     1
       Scroll            |       |       |     5 ||     5
 Stab: Sleeping          |    10 |    19 |     9 ||    38
Armor: Robe              |     7 |    15 |    47 ||    69
Dodge: Dodged            |    32 |    85 |   236 ||   353
